Map: Ruiny Serasu

Players

Gracz - Winner!

  • Race: Protoss Protoss

SI 1 (Bardzo łatwa)

  • Race: Protoss Protoss

VOD

Have the link to the VOD?

Description

Time

  • Played on: Feb. 26, 2016, 2:23 p.m.
  • Length: 13:02
Show
View Real Time Build Order
Export as new Build Order

Gracz Protoss - Winner!

Build Orders:  

Get SALT Encoding   

  12  0:04  Probe (Chrono Boost)  
  13  0:15  Probe (Chrono Boost)  
  14  0:36  Assimilator  
  14  0:41  Assimilator  
  14  0:43  Pylon  
  14  0:46  Pylon  
  14  0:49  Pylon  
  14  0:51  Probe (Chrono Boost)  
  15  1:02  Probe (Chrono Boost)  
  16  1:12  Probe (Chrono Boost)  
  17  1:23  Probe (Chrono Boost)  
  18  1:33  Probe (Chrono Boost)  
  19  1:54  Nexus  
  19  1:57  Assimilator  
  19  2:04  Assimilator  
  19  2:06  Probe (Chrono Boost)  
  20  2:22  Pylon  
  20  2:28  Pylon  
  20  3:18  Nexus  
  20  3:41  Assimilator  
  20  3:44  Assimilator  
  20  3:46  Pylon  
  20  3:49  Probe (Chrono Boost)  
  20  3:50  Pylon  
  20  3:55  Pylon  
  21  3:58  Pylon  
  21  3:59  Probe (Chrono Boost)  
  22  4:17  Probe (Chrono Boost)  
  22  4:23  Probe (Chrono Boost)  
  24  4:28  Probe (Chrono Boost)  
  25  4:34  Probe (Chrono Boost), Gateway  
  27  4:38  Probe (Chrono Boost), Gateway  
  27  4:44  Probe (Chrono Boost)  
  28  4:50  Probe (Chrono Boost)  
  28  4:51  Gateway  
  29  5:01  Probe (Chrono Boost)  
  29  5:02  Probe (Chrono Boost)  
  31  5:12  Probe (Chrono Boost)  
  31  5:13  Probe (Chrono Boost)  
  33  5:22  Probe (Chrono Boost)  
  33  5:23  Forge  
  34  5:36  Cybernetics Core  
  34  5:59  Zealot (Chrono Boost)  
  34  6:00  Zealot (Chrono Boost)  
  38  6:45  Pylon  
  38  6:55  Stargate  
  38  6:57  Stargate  
  38  7:01  Stargate  
  38  7:04  Stargate  
  38  7:08  Stargate  
  38  7:10  Probe  
  38  7:11  Stargate  
  38  7:13  Probe  
  38  7:14  Stargate  
  40  7:18  Stargate  
  40  7:20  Stargate, Probe  
  41  7:23  Probe x2  
  41  7:29  Stargate  
  43  7:31  Stargate  
  43  7:32  Probe  
  43  7:33  Stargate  
  43  7:34  Probe  
  43  7:35  Probe  
  48  7:44  Mothership Core  
  48  7:47  Probe  
  48  7:50  Fleet Beacon  
  49  7:59  Probe  
  50  8:11  Probe  
  51  8:41  Robotics Facility  
  51  8:48  Protoss Shields Level 1  
  51  8:57  Void Ray x7  
  79  9:06  Void Ray  
  83  9:10  Probe  
  83  9:13  Probe  
  85  9:21  Probe  
  85  9:23  Probe  
  87  9:25  Probe  
  88  9:31  Probe  
  88  9:35  Probe  
  90  9:38  Probe  
  90  9:42  Probe  
  98  9:51  Probe  
  99  9:56  Void Ray  
  99  9:57  Void Ray  
  107  10:10  Tempest, Void Ray  
  115  10:26  Pylon  
  115  10:29  Pylon  
  115  10:33  Pylon  
  115  10:40  Pylon  
  115  10:44  Void Ray  
  115  10:45  Void Ray  
  123  10:55  Pylon  
  123  10:59  Pylon  
  123  11:04  Pylon  
  123  11:29  Pylon  
  123  11:31  Void Ray x5  
  123  11:32  Void Ray  
  147  12:07  Void Ray x4  
Show
View Real Time Build Order
Export as new Build Order

SI 1 (Bardzo łatwa) Protoss 

Build Orders:  

Get SALT Encoding   

  12  0:01  Probe (Chrono Boost)  
  13  0:11  Probe (Chrono Boost)  
  14  0:21  Pylon  
  14  0:37  Assimilator  
  14  0:43  Gateway  
  14  0:46  Pylon  
  14  1:15  Assimilator  
  14  1:22  Probe (Chrono Boost)  
  15  1:32  Probe (Chrono Boost)  
  16  1:33  Cybernetics Core  
  16  1:43  Probe (Chrono Boost)  
  17  1:53  Probe (Chrono Boost)  
  18  1:57  Warp Gate  
  18  2:05  Probe (Chrono Boost)  
  19  2:09  Stalker  
  22  2:17  Probe (Chrono Boost)  
  22  5:27  Zealot  
  24  5:30  Pylon  
  24  5:31  Probe (Chrono Boost)  
  24  5:33  Robotics Facility  
  26  5:42  Probe (Chrono Boost)  
  26  5:53  Probe (Chrono Boost)  
  26  5:54  Nexus  
  27  6:03  Probe (Chrono Boost)  
  28  6:09  Pylon  
  28  6:15  Probe (Chrono Boost)  
  29  6:18  Zealot  
  29  6:22  Observer  
  33  6:26  Probe (Chrono Boost)  
  33  6:40  Observer  
  33  7:09  Probe (Chrono Boost)  
  33  7:10  Stalker  
  36  7:16  Probe (Chrono Boost)  
  36  7:17  Assimilator  
  36  7:18  Assimilator  
  37  7:24  Probe (Chrono Boost)  
  38  7:30  Probe (Chrono Boost)  
  39  7:37  Probe (Chrono Boost)  
  40  7:44  Probe (Chrono Boost)  
  41  7:51  Probe (Chrono Boost)  
  42  7:58  Probe (Chrono Boost)  
  43  8:05  Probe (Chrono Boost)  
  44  8:13  Probe (Chrono Boost)  
  45  8:20  Probe (Chrono Boost)  
  45  8:27  Probe (Chrono Boost)  
  46  8:34  Probe (Chrono Boost)  
  47  8:41  Probe (Chrono Boost)  
  48  10:41  Warp Prism  
  48  10:45  Gateway  
  48  10:47  Robotics Bay  
  48  10:49  Stargate  
  50  10:51  Pylon  
  50  11:10  Stalker  
  48  11:12  Warp Prism  
  48  11:37  Gateway  
  48  11:38  Zealot  
  50  11:46  Observer  
  49  11:58  Probe (Chrono Boost)  
  47  12:05  Immortal  
  39  12:12  Pylon  
  39  12:13  Probe (Chrono Boost)  
  33  12:24  Probe (Chrono Boost)  
  31  12:30  Pylon  
  31  12:36  Probe (Chrono Boost), Zealot  
  33  12:37  Pylon  
  33  12:42  Nexus  
  25  12:48  Probe (Chrono Boost)  
  22  12:53  Nexus  
Tags
 
Add a new tag
Caveats
  • Supply blocks, unpowered buildings, or Contaminate may cause inaccurate times.
  • Supply counts are checked every 10 seconds.